 Dungeon Crawl Stone Soup version 0.26-a0-466-g989023bd0d (webtiles) character file.

Game seed: 6754021926469528786

2714 night the Thaumaturge (level 9, -4/46 HPs)
             Began as a Spriggan Conjurer on Aug 12, 2020.
             Was an Initiate of Vehumet.
             Slain by an orc warrior
             ... wielding a +1 scimitar of electrocution
              (18 damage)
             ... on level 7 of the Dungeon.
             The game lasted 00:21:11 (8483 turns).

night the Thaumaturge (Spriggan Conjurer)           Turns: 8483, Time: 00:21:11

Health: -4/46      AC:  5    Str:  3    XL:     9   Next: 39%
Magic:  5/23       EV: 22    Int: 25    God:    Vehumet [......]
Gold:   396        SH:  6    Dex: 14    Spells: 12/26 levels left

rFire    + . .     SeeInvis +   o - +3 dagger (venom)
rCold    . . .     Faith    +   y - +0 buckler
rNeg     + . .     Spirit   .   a - +0 robe
rPois    .         Reflect  .   h - +0 hat
rElec    .         Harm     .   n - +0 cloak
rCorr    .         Rnd*Rage +   (gloves unavailable)
MR       +....                  (boots unavailable)
Stlth    +++.......             A - amulet of faith
HPRegen  0.15/turn              l - ring of positive energy
MPRegen  0.18/turn              m - ring of protection from fire

@: very quick
A: very small, unfitting armour, icy blue scales 1, see invisible, berserk 1,
clever 1, speed 3
a: Renounce Religion


You were on level 7 of the Dungeon.
You worshipped Vehumet.
Vehumet was noncommittal.
You visited 2 branches of the dungeon, and saw 8 of its levels.

You collected 396 gold pieces.

Inventory:

Hand Weapons
 g - a +0 dagger
 o - a +3 dagger of venom (weapon)
 u - the +7 trident of Unwos {drain, rC+ MR+ Str+4}
   (You found it on level 4 of the Dungeon)

   A truly terrible weapon, it drains the life of those it strikes.
   It affects your strength (+4).
   It protects you from cold.
   It affects your resistance to hostile enchantments.
Missiles
 b - 20 poisoned darts (quivered)
Armour
 a - a +0 robe (worn)
 h - a +0 hat (worn)
 n - a +0 cloak (worn)
 y - a +0 buckler (worn)
Jewellery
 l - a ring of positive energy (left hand)
 m - a ring of protection from fire (right hand)
 v - an uncursed ring of fire
 A - an amulet of faith (around neck)
Wands
 B - a wand of acid (4)
 D - a wand of iceblast (2)
Scrolls
 c - 7 scrolls of teleportation
 d - a scroll of enchant weapon
 f - a scroll of immolation
 i - 2 scrolls of fog
 j - a scroll of amnesia
 k - 5 scrolls of identify
 t - a scroll of magic mapping
 w - a scroll of remove curse
Potions
 e - 2 potions of stabbing
 r - a potion of heal wounds
 s - 2 potions of resistance
 x - 2 potions of curing
 z - a potion of invisibility
 C - a potion of cancellation
 E - 3 potions of haste


   Skills:
 - Level 4.3 Fighting
 - Level 8.3 Dodging
 - Level 4.3 Stealth
 + Level 3.0 Shields
 - Level 9.3 Spellcasting
 - Level 8.7 Conjurations


You had 12 spell levels left.
You knew the following spells:

 Your Spells              Type           Power        Failure   Level
a - Magic Dart            Conj           ####         1%          1
b - Searing Ray           Conj           ######       1%          2
c - Dazzling Flash        Conj/Hex       ####..       3%          3
d - Iskenderun's Mystic   Conj/Tloc      ####....     12%         4
e - Fulminant Prism       Conj/Hex       ####......   12%         4

Your spell library contained the following spells:

 Spells                   Type           Power        Failure   Level


Dungeon Overview and Level Annotations

Branches:
Dungeon (7/15)             Temple (1/1) D:6

Altars:
Ashenzari
Cheibriados
Dithmenos
Elyvilon
Gozag
Hepliaklqana
Makhleb
Nemelex Xobeh
Okawaru
Ru
Sif Muna
Uskayaw
Vehumet
Wu Jian
Xom
Yredelemnul
Zin
The Shining One

Shops:
D:5 :


Innate Abilities, Weirdness & Mutations

You are very small and have problems with some larger weapons.
You are too small for most types of armour.
You have supernaturally acute eyesight. (SInv)
You cover ground extremely quickly.
You are partially covered in icy blue scales. (AC +2)
You tend to lose your temper in combat.
Your mind is acute. (Int +2)


Message History

Press: ? - help, Shift-Dir - straight line, f/p - orc warrior
Aim: an orc warrior, wielding a +1 scimitar of electrocution and wearing a +0 plate armour (lightly wounded)
The magic dart hits the orc warrior.
The orc warrior is moderately wounded.
Casting: Magic Dart (safe; 1% risk of failure)
Confirm with . or Enter, or press ? or * to list all spells.
Aiming: Magic Dart (safe; 1% risk of failure)
Press: ? - help, Shift-Dir - straight line, f/p - orc warrior
Aim: an orc warrior, wielding a +1 scimitar of electrocution and wearing a +0 plate armour (moderately wounded)
The magic dart hits the orc warrior.
The orc warrior is moderately wounded.
The orc warrior completely misses you.
You hit the orc warrior but do no damage.
The orc warrior is poisoned.
The orc warrior is moderately wounded.
You closely miss the orc warrior.
The orc warrior is moderately wounded.
The orc warrior hits you with a +1 scimitar of electrocution!
You are electrocuted!!
You die...

#
###.#####.##....[...
#
...#####.##........
# ...#.......#######
# ..#.......# #
#.#.).....# #
#.#.......# #
#.........# #
#o##......# #
#@####.#### # #)# .#
#.# .# #.. #.. #)..
#.#. ..#.#


You could see an orc warrior (very poisoned).

Vanquished Creatures
  Grinder (D:6)
  Edmund (D:6)
  2 orc warriors (D:6)
  A black bear (D:6)
  2 ogres
  A bullfrog (D:6)
  A gnoll sergeant (D:6)
  A scorpion (D:5)
  3 wights (D:4)
  2 centaur zombies (D:6)
  A gnoll shaman (D:4)
  An orc priest (D:6)
  A jelly (D:5)
  9 orc wizards
  Natasha (thrice) (D:3)
  4 worker ants
  A hound zombie (D:5)
  A hound skeleton (D:4)
  9 gnolls
  A howler monkey skeleton (D:6)
  10 adders
  A shadow imp (D:5)
  A white imp (D:6)
  2 oozes
  2 adder skeletons (D:4)
  4 dart slugs
  3 worms
  4 leopard geckos
  29 orcs
  5 giant cockroaches
  6 goblins
  8 hobgoblins
  6 jackals (D:6)
  2 quokkas
  A ball python (D:3)
  9 bats
  A frilled lizard (D:3)
  8 kobolds
  A leopard gecko skeleton (D:4)
  4 rats
153 creatures vanquished.

Notes
Turn   | Place    | Note
-------+----------+-------------------------------------------
     0 | D:1      | night the Spriggan Conjurer began the quest for the Orb.
     0 | D:1      | Reached XP level 1. HP: 9/9 MP: 5/5
   885 | D:1      | Reached XP level 2. HP: 13/13 MP: 2/6
   938 | D:1      | Reached skill level 3 in Spellcasting
  1290 | D:1      | Learned a level 2 spell: Searing Ray
  1845 | D:2      | Reached XP level 3. HP: 16/16 MP: 4/8
  1998 | D:2      | Gained mutation: Your mind is acute. (Int +2) [potion of
                  | mutation]
  1998 | D:2      | Gained mutation: You tend to lose your temper in combat.
                  | [potion of mutation]
  1998 | D:2      | Gained mutation: You are partially covered in icy blue
                  | scales. (AC +2) [potion of mutation]
  2043 | D:2      | HP: 2/16 [poisoned by an adder]
  2831 | D:3      | Reached XP level 4. HP: 21/21 MP: 7/10
  2879 | D:2      | Learned a level 3 spell: Dazzling Flash
  3129 | D:2      | Learned a level 4 spell: Iskenderun's Mystic Blast
  3361 | D:3      | Reached skill level 4 in Spellcasting
  3425 | D:3      | Noticed Natasha
  3429 | D:3      | Killed Natasha
  3429 | D:3      | Reached XP level 5. HP: 24/24 MP: 3/12
  3512 | D:3      | Noticed Natasha
  3520 | D:3      | Killed Natasha
  3805 | D:3      | Noticed Natasha
  3825 | D:3      | Killed Natasha
  4383 | D:4      | Reached XP level 6. HP: 28/28 MP: 9/14
  4395 | D:4      | Reached skill level 5 in Spellcasting
  4733 | D:4      | Got a masterwork trident
  4733 | D:4      | Identified the +7 trident of Unwos {drain, rC+ MR+ Str+4}
                  | (You found it on level 4 of the Dungeon)
  4772 | D:4      | Reached skill level 5 in Conjurations
  5044 | D:4      | Reached XP level 7. HP: 32/32 MP: 11/16
  5205 | D:4      | Found a hazy altar of Hepliaklqana.
  5401 | D:5      | Entered Level 5 of the Dungeon
  5540 | D:5      | Found a shattered altar of Ashenzari.
  5549 | D:5      | Reached skill level 6 in Spellcasting
  5698 | D:5      | Reached skill level 9 in Spellcasting
  5698 | D:5      | Reached XP level 8. HP: 42/42 MP: 18/22
  5704 | D:5      | Learned a level 4 spell: Fulminant Prism
  5881 | D:5      | Found Foishrad's Book Emporium.
  6002 | D:5      | Got a brightly glowing flail
  6002 | D:5      | Identified the +4 flail of Ynwewn {antimagic, rC++} (You
                  | found it on level 5 of the Dungeon)
  6480 | D:5      | Found a burning altar of Makhleb.
  6508 | D:6      | Noticed Grinder
  6515 | D:6      | Killed Grinder
  6564 | D:6      | Noticed Edmund
  6594 | D:6      | Killed Edmund
  6764 | D:6      | Reached XP level 9. HP: 46/46 MP: 16/23
  6895 | D:6      | Reached skill level 1 in Shields
  7240 | D:6      | Reached skill level 2 in Shields
  7459 | D:6      | Found a glowing golden altar of the Shining One.
  7661 | D:6      | Found a snail-covered altar of Cheibriados.
  7893 | D:6      | Found a staircase to the Ecumenical Temple.
  7903 | Temple   | Entered the Ecumenical Temple
  8081 | Temple   | Became a worshipper of Vehumet
  8200 | D:6      | Found a basalt altar of Yredelemnul.
  8203 | D:6      | Noticed a profane servitor
  8483 | D:7      | Slain by an orc warrior

Illustrated notes

Levels and vault maps discovered:
D:1:      wheals_arrival_linesprint, layout_basic
D:2:      kb_forest_paths, layout_basic, nrook_campfire
D:3:      layout_basic, kennysheep_generic_room_16, uniq_natasha
D:4:      layout_loops_ring, lemuel_coloured_pillars_altar,
          minmay_misc_feat_enclosed, dk_vineyard_3
D:5:      layout_cave_pods, lightli_temple_of_fire, serial_shops,
          nicolae_shop_behind_doors, serial_bayou_ford_a,
          evilmike_ruin_ashenzari
D:6:      layout_layer_cave, cheibriados_altar_1,
          grunt_temple_overflow_holy_war, temple_statues, serial_park_tiny_2,
          uniq_grinder, uniq_edmund
D:7:      layout_basic, grunt_temple_overflow_growth_and_decay,
          kennysheep_mini_moat, nicolae_overflow_crystal_walls, uniq_maggie
Temple:   minmay_temple_bridge_abc

Skill      XL: |  1  2  3  4  5  6  7  8  9 |
---------------+----------------------------+-----
Conjurations   | 3 4 5 8 |  8.7
Spellcasting   | 3 4 5 9 |  9.3
Stealth        | 4 |  4.3
Fighting       | 4 |  4.3
Dodging        | 8 |  8.3
Shields        | 3 |  3.0

Action                   |  1- 3 |  4- 6 |  7- 9 || total
-------------------------+-------+-------+-------++-------
Melee: Dagger            |     6 |    31 |    66 ||   103
       Trident           |       |     5 |    41 ||    46
 Cast: Magic Dart        |    80 |   100 |   162 ||   342
       Searing Ray       |     2 |     6 |     8 ||    16
       Dazzling Flash    |       |     1 |    10 ||    11
  Use: Potion            |     4 |       |     5 ||     9
       Scroll            |       |     1 |    10 ||    11
 Stab: Sleeping          |       |     1 |       ||     1
       Invisible         |       |       |     7 ||     7
Armor: Robe              |     1 |     1 |     6 ||     8
Dodge: Dodged            |     5 |    40 |   122 ||   167
Block: Buckler           |       |       |    25 ||    25

Table legend: (Time is in decaauts)
 A = Elapsed time spent in this place.
 B = Non-inter-level travel time spent in this place.
 C = Inter-level travel time spent in this place.
 D = Time resting spent in this place.
 E = Time spent auto-exploring this place.
 F = Levels seen in this place.
 G = Mean time per level.
                   A        B        C        D        E       F      G
               +--------+--------+--------+--------+--------+-----+--------+
         Total |   6743 |   6551 |    192 |   1611 |   3959 |   8 |  842.9 |
       Dungeon |   6622 |   6442 |    180 |   1611 |   3856 |   7 |  946.0 |
        Temple |    120 |    108 |     12 |      0 |    102 |   1 |  120.0 |
               +--------+--------+--------+--------+--------+-----+--------+

Top non-repeatable levels by time:
     D:2: 1454 daAuts
     D:6: 1297 daAuts
     D:3: 1003 daAuts
     D:4: 945 daAuts
     D:1: 898 daAuts
     D:5: 834 daAuts
     D:7: 188 daAuts
  Temple: 120 daAuts
